 Dungeon Crawl Stone Soup version 0.27.1-33-g824d729ab1 (webtiles) character file.

Game seed: 143492694559761614

247 pkoi the Ruffian (level 5, 0/40 HPs)
             Began as a Draconian Artificer on Nov 30, 2021.
             Was an Initiate of the Shining One.
             Slain by a centaur (3 damage)
             ... on level 3 of the Dungeon.
             The game lasted 00:03:12 (3240 turns).

pkoi the Ruffian (Draconian Artificer)              Turns: 3240, Time: 00:03:12

Health: 0/40       AC:  6    Str: 15    XL:     5   Next: 85%
Magic:  5/5        EV: 12    Int: 18    God:    the Shining One [......]
Gold:   76         SH:  0    Dex: 11    Spells: 4/4 levels left

rFire    . . .     SeeInvis .     - Unarmed
rCold    . . .     Faith    .   (no shield)
rNeg     . . .     Spirit   .   (armour unavailable)
rPois    .         Reflect  .   (helmet restricted)
rElec    .         Harm     .   l - +0 cloak
rCorr    .         Rampage  .   (no gloves)
Will     +....                  (no boots)
Stlth    +.........             (no amulet)
HPRegen  0.13/turn              f - ring of willpower
MPRegen  0.09/turn              s - +6 ring of intelligence

@: glowing
A: AC +5, unfitting armour, cold-blooded
a: Renounce Religion


You were on level 3 of the Dungeon.
You worshipped the Shining One.
The Shining One was noncommittal.
You visited 1 branch of the dungeon, and saw 3 of its levels.

You collected 76 gold pieces.

Inventory:

Hand Weapons
 a - a +0 club
Armour
 l - a +0 cloak (worn)
Jewellery
 f - a ring of willpower (left hand)
 o - a ring of positive energy
 s - a +6 ring of intelligence (right hand)
Wands
 b - a wand of flame (14) (quivered)
 c - a wand of charming (15)
Scrolls
 g - a scroll of identify
 i - 2 scrolls of magic mapping {unknown}
 j - a scroll of teleportation
Potions
 e - a potion of resistance {unknown}
 h - 2 potions of curing {unknown}
 k - a potion of flight
 m - a potion of magic {unknown}
 n - a potion of haste {unknown}
 p - 2 potions of degeneration {unknown}
 q - a potion of might {unknown}
 r - a potion of ambrosia
Miscellaneous
 d - a piece from Xom's chessboard (15/15)


   Skills:
 - Level 1.1 Fighting
 - Level 2.1 Dodging
 - Level 0.8 Stealth
 + Level 5.8 Unarmed Combat
 - Level 3.0 Evocations


You had 4 spell levels left.
You didn't know any spells.
Your spell library was empty.

Dungeon Overview and Level Annotations

Branches:
Dungeon (3/15)

Altars:
Qazlal
The Shining One

Shops:
D:1 ?


Innate Abilities, Weirdness & Mutations

Your plain brown scales are hard. (AC +5)
You cannot fit into any form of body armour.
You are cold-blooded and may be slowed by cold attacks.


Message History

The centaur unwields a +0 shortbow.
The centaur completely misses you.
The centaur kicks you but does no damage.
You completely miss the centaur. The centaur hits you.
* * * LOW HITPOINT WARNING * * *
The centaur kicks you.
* * * LOW HITPOINT WARNING * * *
The centaur misses you.
The centaur kicks you but does no damage.
You punch the centaur!
The centaur is heavily wounded.
The centaur misses you.
The centaur kicks you but does no damage.
You closely miss the centaur.
The centaur is heavily wounded.
The centaur hits you but does no damage.
The centaur kicks you but does no damage.
A quokka comes into view.
You hit the centaur but do no damage. You punch the centaur.
The centaur is heavily wounded.
The centaur misses you.
The centaur kicks you but does no damage.
The centaur barely misses you.
The centaur kicks you but does no damage.
You barely miss the centaur. You tail-slap the centaur.
The centaur is severely wounded.
The centaur completely misses you. The centaur closely misses you.
You barely miss the centaur.
The centaur is severely wounded.
The centaur hits you but does no damage.
The centaur barely misses you.
You barely miss the centaur.
The centaur is severely wounded.
The centaur hits you.
* * * LOW HITPOINT WARNING * * *
The centaur misses you. x2; The centaur kicks you.
* * * LOW HITPOINT WARNING * * *
You barely miss the centaur.
The centaur is severely wounded.
The centaur hits you.
You die...

#.....##.#.# #.
#.....##.#.# #.
#..........#### #.
#.....>.......# #.
#.###..†......# ###. #.
#.........# #... #
####.#.<..# #.#.
#.######.#....#######.#.
#......@................
########c#.##########.#.
#.#.# #...... #r#.#
##..... #$#.# ####.#(##
#...#.# #..÷.#.# #...#.#
#....#.## #.c.#.#
#..<)....
#..................


You could see a centaur and a quokka.

Vanquished Creatures
  An orc priest (D:2)
  Natasha (thrice) (D:3)
  Robin (D:2)
  6 adders
  4 orcs
  4 endoplasms
  2 giant cockroaches (D:2)
  11 goblins
  11 hobgoblins
  10 jackals
  3 kobolds
  A quokka (D:2)
  4 ball pythons
  3 bats
  2 frilled lizards (D:1)
  3 rats
69 creatures vanquished.

Notes
Turn   | Place    | Note
-------+----------+-------------------------------------------
     0 | D:1      | pkoi the Draconian Artificer began the quest for the Orb.
     0 | D:1      | Reached XP level 1. HP: 16/16 MP: 1/1
   143 | D:1      | Reached skill level 1 in Unarmed Combat
   432 | D:1      | Reached XP level 2. HP: 8/23 MP: 2/2
   689 | D:1      | Found a faded altar of an unknown god.
   793 | D:1      | Reached skill level 2 in Unarmed Combat
  1093 | D:1      | Found Piphampasu's Magic Scroll Emporium.
  1293 | D:2      | Reached XP level 3. HP: 27/28 MP: 3/3
  1304 | D:2      | Reached skill level 3 in Unarmed Combat
  1554 | D:2      | Reached XP level 4. HP: 35/35 MP: 4/4
  1729 | D:2      | Noticed Robin
  1752 | D:2      | Reached skill level 4 in Unarmed Combat
  1779 | D:2      | Killed Robin
  2244 | D:2      | Reached XP level 5. HP: 34/40 MP: 5/5
  2346 | D:3      | Noticed Natasha
  2588 | D:3      | Killed Natasha
  2589 | D:3      | Reached skill level 5 in Unarmed Combat
  2592 | D:3      | Noticed Natasha
  2608 | D:3      | Killed Natasha
  2801 | D:3      | Found a stormy altar of Qazlal.
  2804 | D:3      | Found a glowing golden altar of the Shining One.
  2807 | D:3      | Noticed Natasha
  2817 | D:3      | Killed Natasha
  2974 | D:3      | Became a worshipper of the Shining One
  3223 | D:3      | Noticed a centaur
  3240 | D:3      | Slain by a centaur

Illustrated notes

Levels and vault maps discovered:
D:1:      psy_arrival_dodecagon, layout_rooms,
          hellmonk_ecumenical_altar_arch_garden, serial_shops,
          nicolae_shop_waterfront, chequers_serial_rivers_micro_c
D:2:      layout_basic, uniq_robin
D:3:      layout_basic, chequers_temple_overflow_statue_of_worship, uniq_natasha

Skill      XL: |  1  2  3  4  5 |
---------------+----------------+-----
Unarmed Combat | 1 2 3 4 5 |  5.8
Fighting       | |  1.1
Dodging        | |  2.1
Stealth        | |  0.8
Evocations     | |  3.0

Action                   |  1- 3 |  4- 6 || total
-------------------------+-------+-------++-------
Melee: Club              |    48 |       ||    48
       Tailslap          |     9 |    13 ||    22
       Short sword       |    66 |   112 ||   178
       Punch             |     2 |     2 ||     4
       Unarmed           |       |    15 ||    15
Evoke: Wand              |     1 |       ||     1
  Use: Potion            |     1 |       ||     1
       Scroll            |       |     3 ||     3
 Stab: Sleeping          |     2 |     1 ||     3
Armor: Skin              |    42 |    61 ||   103
Dodge: Dodged            |   114 |   118 ||   232
